 Dungeon Crawl Stone Soup version 0.24-a0-443-g80245de385 (webtiles) character file.

Game seed: 15751691008248193312

74 Peloso the Shield-Bearer (level 4, -13/40 HPs)
             Began as a Minotaur Fighter on June 21, 2019.
             Killed by divine providence
             ... invoked by an orc priest
              (19 damage)
             ... on level 3 of the Dungeon.
             The game lasted 00:05:24 (1525 turns).

Peloso the Shield-Bearer (Minotaur Fighter)         Turns: 1525, Time: 00:05:24

Health: -13/40     AC:  7    Str: 21    XL:     4   Next: 10%
Magic:  3/3        EV:  7    Int:  5    God:
Gold:   58         SH:  9    Dex: 10    Spells: 3/3 levels left

rFire    . . .     SeeInvis .   a - +0 long sword
rCold    . . .     Gourm    .   c - +0 shield
rNeg     . . .     Faith    .   b - +0 scale mail
rPois    .         Spirit   .   (helmet restricted)
rElec    .         Reflect  .   (no cloak)
rCorr    .         Harm     +   (no gloves)
MR       .....                  (no boots)
Stlth    ..........             j - amulet of harm
HPRegen  0.13/turn              (no ring)
MPRegen  0.08/turn              (no ring)

@: no status effects
A: retaliatory headbutt, horns 2
a: no special abilities


You were on level 3 of the Dungeon.
You were not hungry.

You visited 1 branch of the dungeon, and saw 3 of its levels.

You collected 58 gold pieces.

Inventory:

Hand Weapons
 a - a +0 long sword (weapon)
Armour
 b - a +0 scale mail (worn)
 c - a +0 shield (worn)
Jewellery
 j - an amulet of harm (around neck)
Scrolls
 e - a scroll of remove curse
 i - a scroll of random uselessness {unknown}
 k - a scroll of blinking {unknown}
 l - a scroll of fear {unknown}
Potions
 d - 2 potions of might
 g - a potion of brilliance
Comestibles
 f - 3 rations
 h - 3 chunks of flesh


   Skills:
 + Level 4.1 Fighting
 + Level 3.2 Long Blades
 + Level 4.4 Armour
 + Level 0.7 Dodging
 + Level 4.4 Shields


You had 3 spell levels left.
You didn't know any spells.
Your spell library was empty.

Dungeon Overview and Level Annotations

Branches:
Dungeon (3/15)

Altars:
Dithmenos
Sif Muna


Innate Abilities, Weirdness & Mutations

You reflexively headbutt those who attack you in melee.
You have a pair of horns on your head.


Message History

a cursed +0 short sword; an orc corpse The orc priest miscasts a cantrip.
You barely miss the orc priest.
The orc priest mumbles some strange prayers to Beogh against you.
Beogh smites you! The orc priest hits you with a +0 mace.
You hit the orc priest.
You headbutt the orc priest, but do no damage.
The orc priest is moderately wounded.
The orc priest calls down the wrath of Beogh upon you.
Beogh smites you!
* * * LOW HITPOINT WARNING * * *
You closely miss the orc priest.
The orc priest is lightly wounded.
The orc priest barely misses you. You furiously retaliate!
You headbutt the orc priest. You closely miss the orc priest.
The orc priest is moderately wounded.
The orc priest calls down the wrath of Beogh upon you.
Beogh smites you!
You die...

#.#.............
#.#.............
.....#....########
..>....<..........
.....#.#..##########.
.....#....)).........
..........##########.
.#.#.####.#########
......#......)).@.#
##....#########o#
#..†###........#
#...##..#...#..#
###...#o..... ....
.#.....#oo....o....
.%.....#o..........#
.....).##..#...#..##
##.##..# #........#


You could see an orc priest.

Vanquished Creatures
  An ooze (D:1)
  2 worms
  3 dart slugs
  4 orcs (D:3)
  A ball python (D:2)
  7 bats
  A giant cockroach (D:2)
  7 goblins
  6 hobgoblins
  9 kobolds
  A quokka (D:2)
  4 frilled lizards
  6 rats
52 creatures vanquished.

Notes
Turn   | Place    | Note
-------+----------+-------------------------------------------
     0 | D:1      | Peloso the Minotaur Fighter began the quest for the Orb.
     0 | D:1      | Reached XP level 1. HP: 19/19 MP: 0/0
   227 | D:1      | Reached XP level 2. HP: 18/27 MP: 1/1
   593 | D:1      | Reached XP level 3. HP: 32/33 MP: 2/2
  1003 | D:2      | Found a shadowy altar of Dithmenos.
  1362 | D:2      | Found a deep blue altar of Sif Muna.
  1466 | D:3      | Reached XP level 4. HP: 35/40 MP: 3/3
  1525 | D:3      | Killed from afar by an orc priest

Levels and vault maps discovered:
D:1:      lightli_arrival_flooded_house, layout_basic, minmay_unequal
D:2:      layout_loops_ring, led_sif_pool, nicolae_overflow_crystal_walls,
          nicolae_underground_beach
D:3:      cheibrodos_pilgrimage, layout_basic,
          gammafunk_temple_overflow_elements,
          chequers_temple_overflow_statue_of_worship

Skill      XL: |  1  2  3 |
---------------+----------+-----
Fighting       | 4 |  4.1
Armour         | 4 |  4.4
Shields        | 4 |  4.4
Long Blades    | 3 |  3.2
Dodging        | |  0.7

Action                   |  1- 3 |  4- 6 || total
-------------------------+-------+-------++-------
Melee: Long sword        |    99 |     7 ||   106
       Headbutt          |    19 |     1 ||    20
  Use: Scroll            |     2 |       ||     2
  Eat: Chunk             |     1 |     1 ||     2
Armor: Scale mail        |    49 |       ||    49
Dodge: Dodged            |    30 |     2 ||    32
Block: Shield            |    56 |       ||    56
       Rpst.: Long sword |    10 |       ||    10

Table legend:
 A = Non-vault XP
 B = Vault XP
 C = Vault XP percentage of total XP
 D = Non-vault monster count
 E = Vault monster count
 F = Vault count percentage of total count
                 A         B        C        D         E       F
            +---------+---------+-------+---------+---------+-------
      Total |      92 |      15 |  14.0 |      46 |       6 |  11.5
            +---------+---------+-------+---------+---------+-------
        D:1 |      38 |       3 |   7.3 |      17 |       2 |  10.5
        D:2 |      47 |       0 |   0.0 |      27 |       0 |   0.0
        D:3 |       7 |      12 |  63.2 |       2 |       4 |  66.7
            +---------+---------+-------+---------+---------+-------
